 Dungeon Crawl Stone Soup version 0.27-a0-1219-g958d993ae5 (webtiles) character file.

Game seed: 725872638942566984

19 polve the Cutter (level 2, 0/24 HPs)
             Began as a Demonspawn Chaos Knight on June 6, 2021.
             Was a Plaything of Xom.
             Slain by a frilled lizard (1 damage)
             ... on level 1 of the Dungeon.
             The game lasted 00:00:46 (847 turns).

polve the Cutter (Demonspawn Chaos Knight)           Turns: 847, Time: 00:00:46

Health: 0/24       AC:  5    Str: 12    XL:     2   Next: 55%
Magic:  2/2        EV: 11    Int: 13    God:    Xom [....*.]
Gold:   0          SH:  0    Dex: 12    Spells: 1/1 levels left

rFire    . . .     SeeInvis .   a - +0 short sword (chaos)
rCold    . . .     Faith    .   (no shield)
rNeg     . . .     Spirit   .   b - +2 leather armour
rPois    .         Reflect  .   (no helmet)
rElec    .         Harm     .   (no cloak)
rCorr    .         Rampage  .   (no gloves)
Will     .....                  (no boots)
Stlth    +.........             (no amulet)
HPRegen  0.08/turn              (no ring)
MPRegen  0.08/turn              (no ring)

@: no status effects
A: talons 1
a: Renounce Religion


You were on level 1 of the Dungeon.
You worshipped Xom.
You were a beloved toy of Xom.
You visited 1 branch of the dungeon, and saw 1 of its levels.

Inventory:

Hand Weapons
 a - a +0 short sword of chaos (weapon)
Armour
 b - a +2 leather armour (worn)


   Skills:
 - Level 3.0 Fighting
 + Level 3.6 Short Blades
 - Level 1.7 Armour
 - Level 0.8 Dodging


You had one spell level left.
You didn't know any spells.
Your spell library was empty.

Dungeon Overview and Level Annotations

Branches:
Dungeon (1/15)

Altars:

Shops:
D:1 ?


Innate Abilities, Weirdness & Mutations

You have sharp toenails.


Message History

The frilled lizard bites you but does no damage.
The frilled lizard closely misses you.
The frilled lizard bites you but does no damage.
The frilled lizard bites you but does no damage.
The frilled lizard bites you but does no damage.
The frilled lizard barely misses you.
The frilled lizard bites you but does no damage.
The frilled lizard bites you.
* * * LOW HITPOINT WARNING * * *
The frilled lizard closely misses you. The frilled lizard bites you.
* * * LOW HITPOINT WARNING * * *
The frilled lizard misses you. The frilled lizard closely misses you.
The frilled lizard barely misses you.
The frilled lizard bites you but does no damage.
The frilled lizard closely misses you. The frilled lizard misses you.
The frilled lizard bites you but does no damage.
The frilled lizard bites you but does no damage.
The frilled lizard bites you.
* * * LOW HITPOINT WARNING * * *
The frilled lizard misses you. The frilled lizard closely misses you.
The frilled lizard bites you.
* * * LOW HITPOINT WARNING * * *
The frilled lizard closely misses you. The frilled lizard closely misses you.
The frilled lizard barely misses you. The frilled lizard closely misses you.
The frilled lizard barely misses you. The frilled lizard barely misses you.
The frilled lizard bites you.
* * * LOW HITPOINT WARNING * * *
The frilled lizard bites you.
* * * LOW HITPOINT WARNING * * *
The frilled lizard bites you but does no damage.
The frilled lizard bites you.
You die... "I guess I need a new plaything now."

####.? #..#.# #..#.# #
##..#.# #.#############
.#..#.# #.............#
.#..#.######.....######.#
.#..#...†..........#..#.#
...>.........###.#.#..#.#
..#.########## #@#.#..#.#
....# #.....l.#.#....#
....# #...#####.##.###
....######. ..........#
#.........∆ .#.#.####.#
#÷.###### #.. #.#
#......... ### #.#
#.######## #.# #.# #.#


You could see a frilled lizard.

Vanquished Creatures
  3 endoplasms (D:1)
  A giant cockroach (D:1)
  A goblin (D:1)
  A hobgoblin (D:1)
  5 jackals (D:1)
  A quokka (D:1)
  A frilled lizard (D:1)
  3 rats (D:1)
16 creatures vanquished.

Notes
Turn   | Place    | Note
-------+----------+-------------------------------------------
     0 | D:1      | polve the Demonspawn Chaos Knight began the quest for the
                  | Orb.
     0 | D:1      | Reached XP level 1. HP: 18/18 MP: 1/1
     1 | D:1      | XOM: silly message
    91 | D:1      | XOM: divination: detect items
    97 | D:1      | XOM: cloud trail
   230 | D:1      | XOM: god gift: fuming sapphire potion {god gift}
   236 | D:1      | Gained mutation: You have sharp toenails. [demonic
                  | ancestry]
   236 | D:1      | Reached XP level 2. HP: 14/24 MP: 2/2
   381 | D:1      | XOM: 1-stop teleportation journey
   386 | D:1      | XOM: confuse monster(s)
   401 | D:1      | Found Hitiesm's Magic Scroll Shoppe.
   469 | D:1      | XOM: 3-stop teleportation journey
   844 | D:1      | HP: 1/24 [frilled lizard (2)]
   847 | D:1      | Slain by a frilled lizard

Illustrated notes

Levels and vault maps discovered:
D:1:      psy_arrival_radial01, layout_basic, serial_shops, shop

Skill      XL: |  1 |
---------------+----+-----
Short Blades   | 3 |  3.6
Fighting       | |  3.0
Armour         | |  1.7
Dodging        | |  0.8

Action                   || total
-------------------------++-------
Melee: Short sword       ||    45
       Kick              ||     1
  Use: Potion            ||     1
 Stab: Confused          ||     1
       Sleeping          ||     1
Armor: Leather armour    ||   122
Dodge: Dodged            ||   147

Table legend: (Time is in decaauts)
 A = Elapsed time spent in this place.
 B = Non-inter-level travel time spent in this place.
 C = Inter-level travel time spent in this place.
 D = Time resting spent in this place.
 E = Time spent auto-exploring this place.
 F = Levels seen in this place.
 G = Mean time per level.
                   A        B        C        D        E       F      G
               +--------+--------+--------+--------+--------+-----+--------+
         Total |    850 |    850 |      0 |    151 |    384 |   1 |  850.0 |
       Dungeon |    850 |    850 |      0 |    151 |    384 |   1 |  850.0 |
               +--------+--------+--------+--------+--------+-----+--------+

Top non-repeatable levels by time:
     D:1: 850 daAuts
